 Dungeon Crawl Stone Soup version 0.21.1-1-g345015fe64 (webtiles) character file.

137 Htamos the Chopper (level 5, -4/44 HPs)
             Began as a Minotaur Gladiator on July 4, 2018.
             Killed from afar by Ijyb (9 damage)
             ... with a wand of acid (7)
             ... on level 3 of the Dungeon.
             The game lasted 00:04:55 (2328 turns).

Htamos the Chopper (Minotaur Gladiator)             Turns: 2328, Time: 00:04:56

Health: -4/44      AC:  0    Str: 18    XL:     5   Next: 0%
Magic:  4/4        EV: 13    Int:  6    God:
Gold:   139        SH:  0    Dex: 12    Spells: 4/4 levels left

rFire    . . .     SeeInvis .   a - +0 war axe
rCold    . . .     Gourm    .   (no shield)
rNeg     . . .     Faith    .   b - +0 leather armour
rPois    .         Spirit   .   c - +0 hat
rElec    .         Reflect  .   (no cloak)
rCorr    .         Harm     .   (no gloves)
MR       .....                  q - +0 pair of boots
Stlth    +.........             (no amulet)
HPRegen  0.14/turn              (no ring)
MPRegen  0.09/turn              (no ring)

@: corroded
A: retaliatory headbutt, horns 2
a: no special abilities


You were on level 3 of the Dungeon.
You were not hungry.

You visited 1 branch of the dungeon, and saw 3 of its levels.

You collected 139 gold pieces.

Inventory:

Hand Weapons
 a - a +0 war axe (weapon)
Missiles
 d - 3 throwing nets (quivered)
Armour
 b - a +0 leather armour (worn)
 c - a +0 hat (worn)
 q - a +0 pair of boots (worn)
Jewellery
 g - an uncursed ring of protection from cold {unknown}
Wands
 t - a wand of digging (14)
Scrolls
 e - a scroll of magic mapping {unknown}
 j - 3 scrolls of fog {unknown}
 l - a scroll of enchant armour {unknown}
 m - a scroll of teleportation {unknown}
 o - a scroll of enchant weapon {unknown}
 p - 3 scrolls of identify {unknown}
 r - a scroll of blinking {unknown}
 s - a scroll of amnesia {unknown}
 w - a scroll of remove curse {unknown}
Potions
 h - 2 potions of curing {unknown}
 i - a potion of haste {unknown}
 k - 2 potions of flight {unknown}
 n - a potion of ambrosia {unknown}
 u - a potion of lignification {unknown}
Comestibles
 f - 6 rations


   Skills:
 + Level 2.8 Fighting
 * Level 5.8 Axes
 - Level 2.0 Throwing
 + Level 1.7 Armour
 + Level 4.0 Dodging


You had 4 spell levels left.
You didn't know any spells.

Dungeon Overview and Level Annotations

Branches:
Dungeon (3/15)

Altars:
Makhleb
Vehumet

Annotations:
D:3 Ijyb


Innate Abilities, Weirdness & Mutations

You reflexively headbutt those who attack you in melee.
You have a pair of horns on your head.


Message History

You see here a scroll labeled KOANGI WOROMAST.
Ijyb zaps a wand.
The bolt of acid misses you.
It is a wand of acid (8).
A hobgoblin comes into view. It is wielding a club.
You hit Ijyb.
Ijyb is moderately wounded.
Ijyb barely misses you. You furiously retaliate!
You headbutt Ijyb, but do no damage. You slash Ijyb!
Ijyb is heavily wounded.
Ijyb barely misses you.
You hit the hobgoblin.
The hobgoblin is heavily wounded.
You hit Ijyb but do no damage. The hobgoblin hits you with a club.
Ijyb zaps a wand.
The bolt of acid hits you! The acid corrodes you!
You are splashed with acid!
The acid burns!
* * * LOW HITPOINT WARNING * * *
The hobgoblin hits you but does no damage.
Okay, then.
Ijyb zaps a wand.
The bolt of acid hits you!
You die...

......... .......†.
## ......... # .
.....<#.# #.#.
#######.# ###.#.###
.... #.# ......gg#
...$.# #.#
#.#.##......# ..#
#.#@##......##. ###
#...?#......##.
#....#.........#####
#..........####....#
#....##.............
#..................#
##...##.#######..).#
#...#.......##....#
#...#..>....##....#


You could see Ijyb and a hobgoblin.

Vanquished Creatures
  Robin (D:3)
  4 gnolls (D:2)
  3 adders (D:2)
  A leopard gecko (D:2)
  9 bats
  2 giant cockroaches (D:1)
  9 goblins
  13 hobgoblins
  A quokka (D:2)
  A ball python (D:1)
  3 frilled lizards
  9 kobolds
  3 rats
59 creatures vanquished.

Notes
Turn   | Place    | Note
-------+----------+-------------------------------------------
     0 | D:1      | Htamos the Minotaur Gladiator began the quest for the Orb.
     0 | D:1      | Reached XP level 1. HP: 18/18 MP: 0/0
   137 | D:1      | Reached skill level 4 in Axes
   171 | D:1      | Reached XP level 2. HP: 16/25 MP: 1/1
  1033 | D:2      | Reached XP level 3. HP: 30/30 MP: 2/2
  1038 | D:2      | Reached skill level 5 in Axes
  1038 | D:2      | Reached skill level 1 in Armour
  1096 | D:2      | Reached XP level 4. HP: 14/37 MP: 3/3
  1406 | D:2      | Found a radiant altar of Vehumet.
  1442 | D:2      | Found a burning altar of Makhleb.
  1973 | D:3      | Noticed Robin
  2001 | D:3      | Killed Robin
  2305 | D:3      | Reached XP level 5. HP: 44/44 MP: 4/4
  2322 | D:3      | Noticed Ijyb
  2328 | D:3      | Killed from afar by Ijyb

Skill      XL: |  1  2  3  4 |
---------------+-------------+-----
Axes           | 4 5 |  5.8
Armour         | 1 |  1.7
Dodging        | 4 |  4.0
Fighting       | |  2.8
Throwing       | |  2.0

Action                   |  1- 3 |  4- 6 || total
-------------------------+-------+-------++-------
Melee: War axe           |    48 |    62 ||   110
       Headbutt          |     9 |     4 ||    13
  Eat: Chunk             |       |     4 ||     4
Armor: Leather armour    |    12 |    19 ||    31
Dodge: Dodged            |    40 |    60 ||   100
